 Dungeon Crawl Stone Soup version 0.27-a0-941-g386ccf399c (webtiles) character file.

Game seed: 4249228234914183274

2 dbcje the Digger (level 1, -8/10 HPs)
             Began as a Gargoyle Earth Elementalist on Apr 11, 2021.
             Killed by divine providence
             ... invoked by an orc priest
              (13 damage)
             ... on level 3 of the Dungeon.
             The game lasted 00:01:11 (107 turns).

dbcje the Digger (Gargoyle Earth Elementalist)       Turns: 107, Time: 00:01:12

Health: -8/10      AC:  4    Str:  9 (11) XL:     1   Next: 40%
Magic:  2/3        EV: 11    Int: 13 (15) God:
Gold:   0          SH:  0    Dex:  9 (10) Spells: 3/4 levels left

rFire    . . .     SeeInvis .   (no weapon)
rCold    . . .     Faith    .   (no shield)
rNeg     + . .     Spirit   .   c - +0 robe
rPois    ∞         Reflect  .   (no helmet)
rElec    +         Harm     .   (no cloak)
rCorr    .         Rampage  .   (no gloves)
Will     .....                  (no boots)
Stlth    ++........             (no amulet)
HPRegen  0.03/turn              (no ring)
MPRegen  0.08/turn              (no ring)

@: no status effects
A: AC +2, negative energy resistance 1, electricity resistance, torment
resistance 1, unbreathing 1, petrification resistance
a: no special abilities


You were on level 3 of the Dungeon.
You visited 1 branch of the dungeon, and saw 3 of its levels.

Inventory:

Missiles
 b - 49 stones
Armour
 c - a +0 robe (worn)
Scrolls
 d - a scroll of teleportation {unknown}


   Skills:
 - Level 1.5 Dodging
 - Level 2.1 Stealth
 + Level 2.1 Spellcasting
 - Level 0.7 Transmutations
 + Level 3.7 Earth Magic


You had 3 spell levels left.
You knew the following spells:

 Your Spells              Type           Power      Damage    Failure   Level
a - Sandblast             Erth           22%        2d7       5%          1

Your spell library contained the following spells:

 Spells                   Type           Power      Damage    Failure   Level
 Passwall                 Tmut/Erth      5%         N/A       16%         2
 Stone Arrow              Conj/Erth      12%        3d7       34%         3
 Petrify                  Tmut/Erth      7%         N/A       69%         4
 Lee's Rapid Deconstruct  Erth           5%         3d7*      83%         5


Dungeon Overview and Level Annotations

Branches:
Dungeon (3/15)

Altars:


Innate Abilities, Weirdness & Mutations

Your stone body is resilient. (AC +2)
You are immune to poison.
You resist negative energy. (rN+)
You are resistant to electric shocks. (rElec)
You are resistant to unholy torment.
You can survive without breathing.
You are immune to petrification.


Message History

Aiming: Sandblast (safe; 5% risk of failure)
Press: ? - help, Shift-Dir - straight line, f - bat
Aim: a bat (31% to evade)
The blast of sand hits the bat!
You kill the bat!
The bat misses you.
Unknown command.
The bat hits you but does no damage. The bat closely misses you.
The bat barely misses you. The bat hits you but does no damage.
The quokka twitches its whiskers.
Found a stone staircase leading down.
An orc comes into view. It is wielding a +0 dagger.
The orc shouts!
You hear a shout! x2
The bat barely misses you.
An orc comes into view. It is wielding a +0 dagger.
The bat barely misses you. The quokka barely misses you.
The bat closely misses you. The bat hits you but does no damage.
Found 21 arrows.
The bat misses you. The bat hits you but does no damage.
The quokka closely misses you. The bat hits you but does no damage.
An adder and an orc come into view.
The adder hisses angrily.
You hear a shout!
The bat hits you but does no damage. The bat hits you but does no damage.
An orc priest comes into view. It is wielding a +0 club.
The orc shouts!
The bat misses you. The bat barely misses you. The adder closely misses you.
The adder bites you but does no damage. The bat closely misses you.
Unknown command.
Unknown command.
The bat hits you but does no damage. The bat hits you but does no damage.
The orc priest mumbles some strange prayers to Beogh against you.
Beogh smites you!
Ouch! That really hurt!
You die...

.###.##.......#
......##.#.#.##
#...#.....>...#
.....#.#.#.#.##
..............# #
..<....#.#.#.## ###.#
..†..b....o...# ...
.....###.#.#o####.#####
#...###.....o.rb@.....#
##### ##.#.#.#S######.#
#......o.# ##.#.#.#o#
#........# ##.#.#.#.#
###.....# #######


You could see an orc priest, an adder, 2 orcs, a quokka and a bat.

Vanquished Creatures
  A bat (D:3)
  A giant cockroach (D:3)
2 creatures vanquished.

Notes
Turn   | Place    | Note
-------+----------+-------------------------------------------
     0 | D:1      | dbcje the Gargoyle Earth Elementalist began the quest for
                  | the Orb.
     0 | D:1      | Reached XP level 1. HP: 10/10 MP: 3/3
   103 | D:3      | Noticed an orc priest
   107 | D:3      | Killed from afar by an orc priest

Illustrated notes

Levels and vault maps discovered:
D:1:      lightli_arrival_noodles, layout_basic,
          chequers_ecumenical_altar_simple
D:2:      layout_loops_cross, kennysheep_generic_room_11, uniq_terence
D:3:      layout_rooms, nicolae_overflow_crystal_walls, roderic_batcave,
          st_stairs_12, kennysheep_nub, minmay_strange_pillars, uniq_natasha

Action                   || total
-------------------------++-------
Melee: Unarmed           ||     1
 Cast: Sandblast         ||     3
  Use: Potion            ||     1
Armor: Robe              ||    16
Dodge: Dodged            ||    25

Table legend: (Time is in decaauts)
 A = Elapsed time spent in this place.
 B = Non-inter-level travel time spent in this place.
 C = Inter-level travel time spent in this place.
 D = Time resting spent in this place.
 E = Time spent auto-exploring this place.
 F = Levels seen in this place.
 G = Mean time per level.
                   A        B        C        D        E       F      G
               +--------+--------+--------+--------+--------+-----+--------+
         Total |    106 |    106 |      0 |      0 |     32 |   3 |   35.3 |
       Dungeon |    106 |    106 |      0 |      0 |     32 |   3 |   35.3 |
               +--------+--------+--------+--------+--------+-----+--------+

Top non-repeatable levels by time:
     D:1: 64 daAuts
     D:3: 24 daAuts
     D:2: 17 daAuts
